 Dungeon Crawl Stone Soup version 0.27.1-33-g824d729ab1 (webtiles) character file.

Game seed: 507724238962739615

9 pkoi the Ruffian (level 2, 0/24 HPs)
             Began as a Draconian Gladiator on Dec 8, 2021.
             Slain by a ball python (2 damage)
             ... on level 1 of the Dungeon.
             The game lasted 00:00:28 (386 turns).

pkoi the Ruffian (Draconian Gladiator)               Turns: 386, Time: 00:00:29

Health: 0/24       AC:  4    Str: 16    XL:     2   Next: 6%
Magic:  2/2        EV: 12    Int:  8    God:
Gold:   0          SH:  0    Dex: 12    Spells: 1/1 levels left

rFire    . . .     SeeInvis .     - Unarmed
rCold    . . .     Faith    .   (no shield)
rNeg     . . .     Spirit   .   (armour unavailable)
rPois    .         Reflect  .   a - +0 hat
rElec    .         Harm     .   (no cloak)
rCorr    .         Rampage  .   (no gloves)
Will     .....                  (no boots)
Stlth    +.........             (no amulet)
HPRegen  0.08/turn              (no ring)
MPRegen  0.08/turn              (no ring)

@: no status effects
A: AC +4, unfitting armour, cold-blooded
a: no special abilities


You were on level 1 of the Dungeon.
You visited 1 branch of the dungeon, and saw 1 of its levels.

Inventory:

Missiles
 b - 3 throwing nets (quivered)
Armour
 a - a +0 hat (worn)
Scrolls
 c - a scroll of vulnerability {unknown}


   Skills:
 - Level 2.1 Fighting
 - Level 1.7 Throwing
 - Level 2.6 Dodging
 + Level 3.6 Unarmed Combat


You had one spell level left.
You didn't know any spells.
Your spell library was empty.

Dungeon Overview and Level Annotations

Branches:
Dungeon (1/15)

Altars:
Trog


Innate Abilities, Weirdness & Mutations

Your plain brown scales are hard. (AC +4)
You cannot fit into any form of body armour.
You are cold-blooded and may be slowed by cold attacks.


Message History

The ball python constricts you. The goblin closely misses you.
The hobgoblin hits you.
You hit the hobgoblin but do no damage.
The ball python bites you but does no damage.
The ball python constricts you.
The goblin hits you with a +2 dagger of protection.
You closely miss the hobgoblin.
Your tail-slap misses the hobgoblin.
The hobgoblin misses you.
The ball python bites you but does no damage.
The ball python constricts you.
You hit the hobgoblin.
The hobgoblin is heavily wounded.
The goblin hits you with a +2 dagger of protection.
The hobgoblin hits you but does no damage.
The ball python closely misses you. The ball python constricts you.
You closely miss the hobgoblin.
The hobgoblin is heavily wounded.
The goblin hits you with a +2 dagger of protection.
* * * LOW HITPOINT WARNING * * *
The hobgoblin closely misses you. The ball python bites you.
* * * LOW HITPOINT WARNING * * *
The ball python constricts you.
You hit the hobgoblin.
You kill the hobgoblin!
The goblin hits you with a +2 dagger of protection.
* * * LOW HITPOINT WARNING * * *
The ball python bites you but does no damage.
The ball python constricts you.
Unknown command.
You escape the ball python's grasp.
The goblin hits you with a +2 dagger of protection.
* * * LOW HITPOINT WARNING * * *
You see here a hobgoblin corpse.
Unknown command.
You hit the goblin.
The goblin is heavily wounded.
The goblin hits you with a +2 dagger of protection.
* * * LOW HITPOINT WARNING * * *
The ball python bites you.
You die...

#.... ......
...... .......
...... .......
....# g....g
... ....#
#†##....#
#gS#....#
##@#....# #..#
##.# .....#
#.## ......
#..##+###......
##............
# #............
# ##.......##.#
# #.......##.#
#


You could see a goblin and a ball python.

Vanquished Creatures
  3 giant cockroaches (D:1)
  A goblin (D:1)
  2 hobgoblins (D:1)
  2 frilled lizards (D:1)
8 creatures vanquished.

Notes
Turn   | Place    | Note
-------+----------+-------------------------------------------
     0 | D:1      | pkoi the Draconian Gladiator began the quest for the Orb.
     0 | D:1      | Reached XP level 1. HP: 17/17 MP: 1/1
     6 | D:1      | Noticed a polar bear
     6 | D:1      | Noticed a hog
     6 | D:1      | Noticed an iguana
     7 | D:1      | Noticed a killer bee
     7 | D:1      | Noticed a swamp drake
    28 | D:1      | Found a faded altar of an unknown god.
    90 | D:1      | Became a worshipper of Trog the Wrathful
    90 | D:1      | Reached * piety under Trog
   188 | D:1      | Fell from the grace of Trog
   378 | D:1      | Reached XP level 2. HP: 24/24 MP: 2/2
   386 | D:1      | Slain by a ball python

Illustrated notes

Levels and vault maps discovered:
D:1:      onia_arrival_zoo_common, layout_basic, serial_shops,
          nicolae_shop_stone, shapermc_ecumenical_altar_mp_highgroup,
          serial_bayou_crossing

Action                   || total
-------------------------++-------
Melee: Unarmed           ||    29
       Tailslap          ||     2
       Punch             ||     1
Invok: Renounce Religion ||     1
Armor: Skin              ||    11
Dodge: Dodged            ||    18
